 Dungeon Crawl Stone Soup version 0.21.1-1-g345015fe64 (webtiles) character file.

63 Kholdaimon the Charmwright (level 4, -2/38 HPs)
             Began as a Gnoll Skald on June 24, 2018.
             Slain by a gnoll (5 damage)
             ... on level 2 of the Dungeon.
             The game lasted 00:06:20 (967 turns).

Kholdaimon the Charmwright (Gnoll Skald)             Turns: 967, Time: 00:06:21

Health: -2/38      AC:  3    Str: 15    XL:     4   Next: 10%
Magic:  11/11      EV: 14    Int: 15    God:
Gold:   28         SH:  0    Dex: 14    Spells: 7/13 levels left

rFire    . . .     SeeInvis .   a - +0 hand axe
rCold    . . .     Gourm    .   (no shield)
rNeg     . . .     Faith    .   b - +0 leather armour
rPois    .         Spirit   .   (no helmet)
rElec    .         Reflect  .   (no cloak)
rCorr    .         Harm     .   (no gloves)
MR       .....                  (no boots)
Stlth    +.........             (no amulet)
HPRegen  0.12/turn              (no ring)
MPRegen  0.12/turn              (no ring)

@: no status effects
A: distributed training, fangs 1, strong nose
a: no special abilities


You were on level 2 of the Dungeon.
You were not hungry.

You visited 1 branch of the dungeon, and saw 2 of its levels.

You collected 28 gold pieces.

Inventory:

Hand Weapons
 a - a +0 hand axe (weapon)
 j - a +2 vampiric whip
Missiles
 e - 42 stones (quivered)
 i - 16 poisoned needles
Armour
 b - a +0 leather armour (worn)
Jewellery
 g - an uncursed ring of magical power {unknown}
 l - an uncursed amulet of guardian spirit {unknown}
Scrolls
 h - 2 scrolls of remove curse {unknown}
Potions
 k - 2 potions of brilliance {unknown}
 m - a potion of mutation {unknown}
Books
 c - a book of Battle

   Spells                             Type                      Level
   a - Infusion                       Charms                       1
   b - Shroud of Golubria             Charms/Translocation         2
   c - Song of Slaying                Charms                       2
   d - Spectral Weapon                Hexes/Charms                 3
   e - Regeneration                   Charms/Necromancy            3
Comestibles
 d - 3 rations
 f - 3 chunks of flesh


   Skills:
 + Level 4.6 Fighting
 + Level 1.0 Short Blades
 + Level 1.0 Long Blades
 + Level 4.6 Axes
 + Level 1.0 Maces & Flails
 + Level 1.0 Polearms
 + Level 1.0 Staves
 + Level 1.0 Slings
 + Level 1.0 Bows
 + Level 1.0 Crossbows
 + Level 1.0 Throwing
 + Level 2.7 Armour
 + Level 4.6 Dodging
 + Level 1.0 Stealth
 + Level 1.0 Shields
 + Level 1.0 Unarmed Combat
 + Level 5.0 Spellcasting
 + Level 0.7 Conjurations
 + Level 0.7 Hexes
 + Level 5.4 Charms
 + Level 0.7 Summonings
 + Level 0.7 Necromancy
 + Level 0.7 Translocations
 + Level 0.7 Transmutations
 + Level 0.7 Fire Magic
 + Level 0.7 Ice Magic
 + Level 0.7 Air Magic
 + Level 0.7 Earth Magic
 + Level 0.7 Poison Magic
 + Level 1.1 Invocations
 + Level 1.0 Evocations


You had 7 spell levels left.
You knew the following spells:

 Your Spells              Type           Power        Failure   Level  Hunger
a - Infusion              Chrm           ###.         1%          1    None
b - Shroud of Golubria    Chrm/Tloc      ##........   9%          2    ##.....
c - Regeneration          Chrm/Necr      ##........   17%         3    ###....


Dungeon Overview and Level Annotations

Branches:
Dungeon (2/15)

Altars:


Innate Abilities, Weirdness & Mutations

Your experience applies equally to all skills.
You have very sharp teeth.
Your uncanny sense of smell can sniff out nearby items.


Message History

A gnoll comes into view. It is wielding a spear of flaming.
The gnoll shouts!
You see here a bat corpse.
You closely miss the gnoll. You hit the gnoll. The gnoll barely misses you.
The gnoll misses you.
You hit the gnoll but do no damage. You hit the gnoll.
The gnoll hits you with a spear!
* * * LOW HITPOINT WARNING * * *
The gnoll misses you. The gnoll hits you.
* * * LOW HITPOINT WARNING * * *
You hit the gnoll.
The gnoll is lightly wounded.
You closely miss the gnoll. The gnoll hits you with a spear.
* * * LOW HITPOINT WARNING * * *
The gnoll barely misses you. The gnoll hits you.
* * * LOW HITPOINT WARNING * * *
You barely miss the gnoll.
The gnoll is lightly wounded.
You barely miss the gnoll. The gnoll closely misses you. The gnoll hits you.
You die...

.....# #.# .# .....# #.# .#
.....# #.# .#####
.....####### #.####.#...
...........# #........##.#
.............#####.........#
...........#...............#
....######.#..####...####...
..... #...g@...........
###### #..#g###########. ...


.gh ∆ . ...(g ##...( #...# ..(. ...(. You could see 4 gnolls and a jackal.

Vanquished Creatures
  An adder (D:2)
  An ooze (D:1)
  A worm (D:2)
  3 dart slugs (D:1)
  7 bats
  3 giant cockroaches (D:1)
  4 goblins (D:1)
  6 hobgoblins
  A jackal (D:2)
  5 kobolds (D:1)
  3 frilled lizards (D:1)
  A rat (D:1)
36 creatures vanquished.

Notes
Turn   | Place    | Note
-------+----------+-------------------------------------------
     0 | D:1      | Kholdaimon the Gnoll Skald began the quest for the Orb.
     0 | D:1      | Reached XP level 1. HP: 20/20 MP: 6/6
    99 | D:1      | Reached XP level 2. HP: 26/26 MP: 7/7
   130 | D:1      | Learned a level 2 spell: Shroud of Golubria
   231 | D:1      | Reached XP level 3. HP: 16/31 MP: 9/9
   251 | D:1      | Reached skill level 5 in Spellcasting
   541 | D:1      | Reached skill level 1 in Invocations
   560 | D:2      | Reached skill level 1 in Short Blades
   560 | D:2      | Reached skill level 1 in Long Blades
   560 | D:2      | Reached skill level 1 in Maces & Flails
   560 | D:2      | Reached skill level 1 in Polearms
   560 | D:2      | Reached skill level 1 in Staves
   560 | D:2      | Reached skill level 1 in Slings
   560 | D:2      | Reached skill level 1 in Bows
   560 | D:2      | Reached skill level 1 in Crossbows
   560 | D:2      | Reached skill level 1 in Throwing
   560 | D:2      | Reached skill level 1 in Stealth
   560 | D:2      | Reached skill level 1 in Shields
   560 | D:2      | Reached skill level 1 in Unarmed Combat
   560 | D:2      | Reached skill level 1 in Evocations
   762 | D:2      | Reached XP level 4. HP: 21/38 MP: 11/11
   919 | D:2      | Learned a level 3 spell: Regeneration
   967 | D:2      | Slain by a gnoll

Skill      XL: |  1  2  3 |
---------------+----------+-----
Spellcasting   | 5 |  5.0
Invocations    | 1 |  1.1
Short Blades   | 1 |  1.0
Long Blades    | 1 |  1.0
Maces & Flails | 1 |  1.0
Polearms       | 1 |  1.0
Staves         | 1 |  1.0
Slings         | 1 |  1.0
Bows           | 1 |  1.0
Crossbows      | 1 |  1.0
Throwing       | 1 |  1.0
Stealth        | 1 |  1.0
Shields        | 1 |  1.0
Unarmed Combat | 1 |  1.0
Evocations     | 1 |  1.0
Fighting       | |  4.6
Axes           | |  4.6
Armour         | |  2.7
Dodging        | |  4.6
Conjurations   | |  0.7
Hexes          | |  0.7
Charms         | |  5.4
Summonings     | |  0.7
Necromancy     | |  0.7
Translocations | |  0.7
Transmutations | |  0.7
Fire Magic     | |  0.7
Ice Magic      | |  0.7
Air Magic      | |  0.7
Earth Magic    | |  0.7
Poison Magic   | |  0.7

Action                   |  1- 3 |  4- 6 || total
-------------------------+-------+-------++-------
Melee: Hand axe          |   100 |    15 ||   115
       Bite              |    11 |       ||    11
Throw: Stone             |     3 |     6 ||     9
Armor: Leather armour    |    18 |     3 ||    21
Dodge: Dodged            |    67 |    17 ||    84
